 Dungeon Crawl Stone Soup version 0.22-a0-799-g88f5e90 (webtiles) character file.

51 Amnesiac the Magician (level 3, -1/24 HPs)
             Began as a Mummy Earth Elementalist on July 21, 2018.
             Slain by a water moccasin skeleton (3 damage)
             ... on level 3 of the Dungeon.
             The game lasted 00:02:39 (1928 turns).

Amnesiac the Magician (Mummy Earth Elementalist)    Turns: 1928, Time: 00:02:40

Health: -1/24      AC:  2    Str: 11    XL:     3   Next: 58%
Magic:  0/8        EV: 12    Int: 15    God:
Gold:   39         SH:  0    Dex: 12    Spells: 3/9 levels left

rFire    x . .     SeeInvis .   b - +0 hand axe
rCold    + . .     Gourm    .   (no shield)
rNeg     + + +     Faith    .   c - +0 robe
rPois    ∞         Spirit   .   (no helmet)
rElec    .         Reflect  .   (no cloak)
rCorr    .         Harm     .   (no gloves)
MR       .....                  (no boots)
Stlth    ++........             (no amulet)
HPRegen  0.08/turn              (no ring)
MPRegen  0.11/turn              (no ring)

@: very slightly contaminated
A: no food or potions, fire vulnerability, cold resistance 1, negative energy
resistance 3, torment resistance, unbreathing
a: no special abilities


You were on level 3 of the Dungeon.
You were not hungry.

You visited 1 branch of the dungeon, and saw 4 of its levels.

You collected 39 gold pieces.

Inventory:

Hand Weapons
 b - a +0 hand axe (weapon)
Armour
 c - a +0 robe (worn)
Scrolls
 a - 5 scrolls of teleportation {!r, unknown}
 d - 3 scrolls of identify {!r, unknown}
 e - a scroll of immolation {!r, unknown}
 f - a scroll of fear {!r, unknown}
 g - a scroll of random uselessness {!r, unknown}


   Skills:
 - Level 1.5 Dodging
 - Level 1.5 Stealth
 + Level 3.5 Spellcasting
 - Level 0.7 Transmutations
 * Level 3.4 Earth Magic


You had 3 spell levels left.
You knew the following spells:

 Your Spells              Type           Power        Failure   Level  Hunger
a - Stone Arrow           Conj/Erth      #.....       28%         3    N/A
b - Passwall              Tmut/Erth      #.......     12%         2    N/A
c - Sandblast             Erth           ##....       4%          1    N/A

Your spell library contained the following spells:

 Spells                   Type           Power        Failure   Level  Hunger
 Lee's Rapid Deconstruct  Erth           ##........   77%         5    N/A
 Petrify                  Tmut/Erth      #.......     63%         4    N/A

Dungeon Overview and Level Annotations

Branches:
Dungeon (4/15)
 Temple: D:4-7

Altars:


Innate Abilities, Weirdness & Mutations

You do not eat or drink.
Your flesh is vulnerable to fire.
You are immune to poison.
Your flesh is cold resistant. (rC+)
You are immune to negative energy. (rN+++)
You are immune to unholy pain and torment.
You can survive without breathing.


Message History

You kill the hobgoblin!
No target in view!
Things that are here:
a club; a hobgoblin corpse
g - a scroll labeled CESUICEGIS {!r} You open the door.
A water moccasin skeleton comes into view.
Casting: Stone Arrow (safe; 28% risk of failure)
Confirm with . or Enter, or press ? or * to list all spells.
Aiming: Stone Arrow (safe; 28% risk of failure)
Press: ? - help, Shift-Dir - straight line, f - water moccasin skeleton
Aim: a water moccasin skeleton You miscast Stone Arrow.
You are very lightly contaminated with residual magic.
Your skin tingles.
Casting: Stone Arrow (safe; 28% risk of failure)
Confirm with . or Enter, or press ? or * to list all spells.
Aiming: Stone Arrow (safe; 28% risk of failure)
Press: ? - help, Shift-Dir - straight line, f/p - water moccasin skeleton
Aim: a water moccasin skeleton The stone arrow hits the water moccasin skeleton.
The water moccasin skeleton is moderately damaged.
Casting: Stone Arrow (safe; 28% risk of failure)
Confirm with . or Enter, or press ? or * to list all spells.
You don't have enough magic to cast that spell.
Casting: Stone Arrow (safe; 28% risk of failure)
Confirm with . or Enter, or press ? or * to list all spells.
You don't have enough magic to cast that spell.
Casting: Stone Arrow (safe; 28% risk of failure)
Confirm with . or Enter, or press ? or * to list all spells.
You don't have enough magic to cast that spell.
Casting: Stone Arrow (safe; 28% risk of failure)
Confirm with . or Enter, or press ? or * to list all spells.
You don't have enough magic to cast that spell.
The water moccasin skeleton bites you.
Casting: Stone Arrow (safe; 28% risk of failure)
Confirm with . or Enter, or press ? or * to list all spells.
Aiming: Stone Arrow (safe; 28% risk of failure)
Press: ? - help, Shift-Dir - straight line, f/p - water moccasin skeleton
Aim: a water moccasin skeleton (moderately damaged)
The stone arrow misses the water moccasin skeleton.
The water moccasin skeleton bites you.
You hit the water moccasin skeleton.
The water moccasin skeleton is heavily damaged.
The water moccasin skeleton barely misses you.
The water moccasin skeleton closely misses you.
You hit the water moccasin skeleton.
The water moccasin skeleton is heavily damaged.
The water moccasin skeleton bites you.
* * * LOW HITPOINT WARNING * * *
You hit the water moccasin skeleton.
The water moccasin skeleton is heavily damaged.
The water moccasin skeleton closely misses you.
The water moccasin skeleton barely misses you.
You hit the water moccasin skeleton.
The water moccasin skeleton is heavily damaged.
The water moccasin skeleton bites you.
* * * LOW HITPOINT WARNING * * *
You hit the water moccasin skeleton.
The water moccasin skeleton is severely damaged.
The water moccasin skeleton bites you.
* * * LOW HITPOINT WARNING * * *
The water moccasin skeleton bites you.
You die...

#.. #.# #.# .# ..
#.# .#..# #.#
####.#..# #.#
#.......# #.#
#.......#.# #@#
#.........# #Z#
#.......#.###
#.####...........
#..............#..
######............
#......##....
#......##....
#......##....
####'#.##...


You could see a water moccasin skeleton.

Vanquished Creatures
  An adder (D:2)
  An ooze (D:3)
  A worm (D:4)
  A dart slug (D:3)
  2 leopard geckos
  2 giant cockroaches (D:1)
  2 goblins
  7 hobgoblins
  A quokka (D:3)
  A ball python (D:3)
  2 bats
  5 frilled lizards
  3 kobolds
  A quokka zombie (D:3)
30 creatures vanquished.

Notes
Turn   | Place    | Note
-------+----------+-------------------------------------------
     0 | D:1      | Amnesiac the Mummy Earth Elementalist began the quest for the Orb.
     0 | D:1      | Reached XP level 1. HP: 13/13 MP: 4/4
   117 | D:1      | Reached XP level 2. HP: 8/19 MP: 0/5
   413 | D:1      | Learned a level 2 spell: Passwall
   668 | D:1      | You fall through a shaft!
   710 | D:3      | Reached XP level 3. HP: 24/24 MP: 5/7
   715 | D:3      | Learned a level 3 spell: Stone Arrow
   843 | D:4      | Noticed a phantom
  1928 | D:3      | Slain by a water moccasin skeleton

Vault maps used:
D:1:      scummos_arrival_forest
D:2:      gammafunk_temple_overflow_arena
D:3:      first_ration, uniq_natasha

Skill      XL: |  1  2 |
---------------+-------+-----
Spellcasting   | 3 |  3.5
Earth Magic    | 3 |  3.4
Dodging        | |  1.5
Stealth        | |  1.5
Transmutations | |  0.7

Action                   || total
-------------------------++-------
Melee: Hand axe          ||    16
       Unarmed           ||    14
 Cast: Sandblast         ||    44
       Stone Arrow       ||     7
 Stab: Sleeping          ||     1
Armor: Robe              ||    10
Dodge: Dodged            ||    38

Table legend:
 A = Spawn XP
 B = Non-spawn XP
 C = Spawn XP percentage of total XP
 D = Spawn monster count
 E = Non-spawn monster count
 F = Spawn count percentage of total count
 G = Total turns spent on level
                    A         B        C        D         E        F      G
               +---------+---------+-------+---------+---------+-------+---------
         Total |       0 |      74 |   0.0 |       0 |      30 |   0.0 |  1928
               +---------+---------+-------+---------+---------+-------+---------
           D:1 |       0 |      25 |   0.0 |       0 |      15 |   0.0 |   668
           D:2 |       0 |      15 |   0.0 |       0 |       2 |   0.0 |    42
           D:3 |       0 |      29 |   0.0 |       0 |      12 |   0.0 |  1135
           D:4 |       0 |       5 |   0.0 |       0 |       1 |   0.0 |    83
               +---------+---------+-------+---------+---------+-------+---------
